 Dungeon Crawl Stone Soup version 0.31.0-12-g77e489cdc1 (webtiles) character file.

Game seed: 8876773342512750666

42 Deanu the Shooter (level 3, 0/26 (28) HPs)
             Began as a Formicid Hunter on Feb 26, 2024.
             Slain by a gnoll
             ... wielding a +1 flail of draining
              (11 damage)
             ... on level 2 of the Dungeon.
             The game lasted 00:20:59 (408 turns).

Deanu the Shooter (Formicid Hunter)                  Turns: 408, Time: 00:20:59

HP:   0/26 (28)     AC:  7    Str: 17    XL:     3   Next: 77%
MP:   3/3           EV: 10    Int:  8    God:
Gold: 15            SH:  0    Dex: 17    Spells: 2/2 levels left

rFire   . . .        a - +0 shortbow
rCold   . . .        (no shield)
rNeg    . . .        d - +0 scale mail
rPois   .            (helmet unavailable)
rElec   .            (no cloak)
rCorr   .            i - +0 pair of gloves
SInv    +            (no boots)
Will    .....        (no amulet)
Stlth   +            (no ring)
HPRegen 0.24/turn    (no ring)
MPRegen 0.08/turn

%: no passive effects
@: drained
A: permanent stasis, dig shafts and tunnels, antennae 3, four strong arms
a: Dig, Shaft Self


You were on level 2 of the Dungeon.
You visited 1 branch of the dungeon, and saw 2 of its levels.

You collected 15 gold pieces.

Inventory:

Hand Weapons
 a - a +0 shortbow (weapon)
 e - a +0 short sword
 h - a +0 club
Armour
 c - a +0 leather armour
 d - a +0 scale mail (worn)
 i - a +0 pair of gloves (worn)
Jewellery
 j - a ring of positive energy
Talismans
 m - a serpent talisman
Scrolls
 b - a scroll of butterflies
 k - 2 scrolls of identify {unknown}
 l - a scroll of vulnerability {unknown}
Potions
 f - 2 potions of invisibility {unknown}
 g - a potion of magic {unknown}


   Skills:
 + Level 2.5 Fighting
 + Level 4.8 Ranged Weapons
 + Level 0.3 Armour
 + Level 2.0 Dodging
 + Level 1.2 Stealth


You had 2 spell levels left.
You didn't know any spells.
Your spell library contained the following spells:

 Spells                   Type           Power      Damage    Failure   Level
 Sting                    Conj/Alch      0%         1d3       83%         1
 Mercury Vapours          Alch/Air       0%         N/A       93%         2
 Olgreb's Toxic Radiance  Alch           0%         N/A       100%        4


Dungeon Overview and Level Annotations

Branches:
Dungeon (2/15)

Altars:

Shops:
D:2 :


Innate Abilities, Weirdness & Mutations

You cannot be hasted, slowed, berserked, paralysed or teleported.
You can dig through walls and to a lower floor.
You have a pair of large antennae on your head. (SInv)
Your four strong arms can wield two-handed weapons with a shield.


Message History

l - a scroll labelled PORUUL BASTRAF
There are no items here.
You see here a serpent talisman.
m - a serpent talisman A gnoll comes into view.
It is wielding a +0 club.
Found 11 gold pieces.
The gnoll shouts!
You hear a loud squeak.
You hear a shout!
A rat comes into view.
You shoot an arrow. The arrow barely misses the gnoll.
The rat twitches its whiskers.
You shoot an arrow. The arrow hits the gnoll!
The gnoll is heavily wounded.
The gnoll hits you with a +0 club.
You shoot an arrow.
The arrow hits the gnoll but does no damage.
The gnoll is heavily wounded.
The gnoll closely misses you. The rat barely misses you. The gnoll misses you.
You shoot an arrow. The arrow hits the gnoll.
You kill the gnoll!
The rat barely misses you.
A gnoll comes into view.
It is wielding a +1 flail of draining and quivering a throwing net.
The gnoll shouts!
The rat attacks as it pursues you! The rat closely misses you.
You shoot an arrow. The arrow hits the rat.
You kill the rat!
You shoot an arrow. The arrow hits the gnoll.
The gnoll is moderately wounded.
You shoot an arrow.
The arrow hits the gnoll but does no damage.
The gnoll is moderately wounded.
A gnoll comes into view. It is wielding a +0 flail.
You shoot an arrow. The arrow barely misses the gnoll.
The gnoll hits you with a +1 flail of draining.
You feel drained.
You shoot an arrow. The arrow closely misses the gnoll.
The arrow barely misses the gnoll.
The gnoll hits you with a +1 flail of draining.
You feel drained.
The gnoll hits you with a +1 flail of draining!
You die...

#.#####.#, #......{$
##.## #...# # #.g.#
####.#...##
..........# ###
###.###g#.#
...####>###@#.# {
.#..........#.#
......#.###.#.##
#.##....###....###
#.##......†......###
#.##....###........#
#.####.#####.#
#†#..###.#
#............#
#....# ..
######.#######
###..###.##


You could see 2 gnolls.

Vanquished Creatures
  A gnoll (D:2)
  2 adders (D:2)
  A dart slug (D:1)
  A hobgoblin (D:2)
  3 ball pythons
  A frilled lizard (D:1)
  3 kobolds
  5 rats
17 creatures vanquished.

Notes
Turn   | Place    | Note
-------+----------+-------------------------------------------
     0 | D:1      | Deanu the Formicid Hunter began the quest for the Orb.
     0 | D:1      | Reached XP level 1. HP: 16/16 MP: 1/1
   116 | D:1      | Reached XP level 2. HP: 20/23 MP: 2/2
   207 | D:2      | Found Pyipeiki's Book Emporium.
   295 | D:2      | Reached XP level 3. HP: 23/28 MP: 3/3
   408 | D:2      | Slain by a gnoll

Illustrated notes

Levels and vault maps discovered:
D:1:      dpeg_chamrin_arrival_tetris, layout_basic, minmay_tetromino_l4
D:2:      layout_loops_ring, serial_shops, nicolae_book_shop_shelving,
          uniq_sigmund

Skill      XL: |  1  2 |
---------------+-------+-----
Dodging        | 2 |  2.0
Fighting       | |  2.5
Ranged Weapons | |  4.8
Armour         | |  0.3
Stealth        | |  1.2

Action                     || total
---------------------------++-------
   Fire: Shortbow          ||    49
Ability: Dig               ||     4
    Use: Scroll            ||     1
 Armour: Scale mail        ||    26
  Dodge: Dodged            ||    25
